 Dungeon Crawl Stone Soup version 0.20-a0-731-gecde0bf (webtiles) character file.

9484 graki42 the Thaumaturge (level 11, -2/56 HPs)
             Began as a Deep Elf Conjurer on Feb 22, 2017.
             Was a Believer of Vehumet.
             Slain by a six-headed hydra (5 damage)
             ... on level 11 of the Dungeon.
             The game lasted 00:50:58 (12518 turns).

graki42 the Thaumaturge (Deep Elf Conjurer)        Turns: 12518, Time: 00:50:58

Health: -2/56      AC:  8    Str:  8    XL:     11   Next: 23%
Magic:  7/31       EV: 16    Int: 21    God:    Vehumet [**....]
Gold:   419        SH:  0    Dex: 15    Spells: 8/38 levels left

rFire    . . .     SeeInvis .   r - +2 short sword (flame)
rCold    + . .     Gourm    .   X - +1 robe {rC+}
rNeg     . . .     Faith    .   (no shield)
rPois    +         Spirit   .   o - +0 helmet
rElec    .         Reflect  .   (no cloak)
rCorr    .         Harm     .   i - +0 pair of gloves
MR       +....                  (no boots)
Stlth    +++.......             H - amulet of regeneration
Regen    0.6/turn               K - +3 ring of protection
MPRegen  0.3/turn               C - ring of poison resistance

@: no status effects
A: no striking features
a: Renounce Religion


You were on level 11 of the Dungeon.
You worshipped Vehumet.
Vehumet was pleased with you.
You were not hungry.

You visited 2 branches of the dungeon, and saw 12 of its levels.

You collected 419 gold pieces.

Inventory:

Hand Weapons
 r - a +2 short sword of flaming (weapon)
Armour
 i - a +0 pair of gloves (worn)
 o - a +0 helmet (worn)
 X - a +1 robe of cold resistance (worn)
Magical Staves
 E - an uncursed staff of energy
 Y - an uncursed staff of cold
Jewellery
 g - an uncursed amulet of the gourmand
 C - a ring of poison resistance (left hand)
 H - an amulet of regeneration (around neck)
 K - a +3 ring of protection (right hand)
 Q - an uncursed amulet of harm {unknown}
 V - an uncursed ring of fire {unknown}
Wands
 b - a wand of flame (29/48)
 p - a wand of lightning (11/15)
 t - a wand of iceblast (6/15)
 A - a wand of polymorph (13/24)
 B - a wand of enslavement (9/24)
 O - a wand of lightning (0/15)
 S - a wand of paralysis (14/24)
 T - a wand of random effects (40/48)
 U - a wand of clouds (6/9)
Scrolls
 a - a scroll of acquirement {unknown}
 d - 2 scrolls of recharging {unknown}
 e - 5 scrolls of identify
 f - 4 scrolls of teleportation {unknown}
 h - 3 scrolls of fog {unknown}
 j - 3 scrolls of remove curse
 k - 3 scrolls of amnesia {unknown}
 m - 6 scrolls of immolation {unknown}
 w - a scroll of noise {unknown}
 x - a scroll of magic mapping {unknown}
 y - 2 scrolls of random uselessness {unknown}
 L - a scroll of blinking {unknown}
 P - a scroll of enchant armour {unknown}
 R - a scroll of fear {unknown}
 W - a scroll of summoning {unknown}
Potions
 l - 6 potions of curing
 q - 4 potions of flight
 u - 3 potions of lignification
 v - a potion of invisibility
 z - 2 potions of magic
 F - a potion of might {unknown}
 G - 2 potions of heal wounds {unknown}
 I - 2 potions of cancellation {unknown}
 M - a potion of experience {unknown}
 N - a potion of agility
Books
 D - a book of Callings

   Spells                             Type                      Level
   a - Summon Small Mammal            Summoning                    1
   b - Call Imp                       Summoning                    2
   c - Call Canine Familiar           Summoning                    3
   d - Summon Guardian Golem          Hexes/Summoning              3
   e - Summon Lightning Spire         Summoning/Air                4
   f - Summon Ice Beast               Ice/Summoning                4
Comestibles
 c - 6 bread rations
 n - 8 meat rations
 s - 7 fruits
 J - 3 royal jellies


   Skills:
 + Level 1.3 Fighting
 + Level 1.5 Short Blades
 + Level 6.2 Dodging
 + Level 5.5 Stealth
 + Level 14.0 Spellcasting
 + Level 11.8 Conjurations
 + Level 2.2 Hexes
 + Level 1.4 Summonings
 + Level 5.0 Translocations
 + Level 0.4 Fire Magic
 + Level 2.1 Air Magic
 + Level 1.8 Poison Magic
 + Level 0.2 Evocations


You had 8 spell levels left.
You knew the following spells:

 Your Spells              Type           Power        Failure   Level  Hunger
a - Magic Dart            Conj           ####         1%          1    None
b - Searing Ray           Conj           ######       1%          2    None
c - Dazzling Spray        Conj/Hex       #####.       1%          3    None
d - Iskenderun's Mystic   Conj           ######..     1%          4    None
e - Conjure Flame         Conj/Fire      #####...     1%          3    None
f - Blink                 Tloc           N/A          1%          2    None
g - Mephitic Cloud        Conj/Pois/Air  #####...     1%          3    None
h - Force Lance           Conj/Tloc      ######..     1%          4    None
i - Fulminant Prism       Conj/Hex       #####.....   2%          4    None
j - Call Imp              Summ           ###.....     4%          2    None
k - Slow                  Hex            ###.....     2%          2    None


Dungeon Overview and Level Annotations

Branches:
Dungeon (11/15)            Temple (1/1) D:6            Lair (0/6) D:11
    Orc: D:9-12

Altars:
Ashenzari
Cheibriados
Fedhas
Kikubaaqudgha
Makhleb
Nemelex Xobeh
Qazlal
Ru
Sif Muna
Vehumet
Yredelemnul
The Shining One

Shops:
D:7 }

Annotations:
D:11 Grum


Message History

The six-headed hydra is engulfed in blazing flames.
The six-headed hydra completely misses you.
The six-headed hydra bites you! x2
The six-headed hydra completely misses you.
The six-headed hydra bites you.
The six-headed hydra bites you but does no damage.
Casting: Iskenderun's Mystic Blast
Confirm with . or Enter, or press ? or * to list all spells.
Aiming: Iskenderun's Mystic Blast
Press: ? - help, Shift-Dir - straight line, f/p - six-headed hydra
Aim: a six-headed hydra (flame, heavily wounded)
The orb of energy hits the six-headed hydra.
The six-headed hydra is severely wounded.
The six-headed hydra is engulfed in blazing flames.
The six-headed hydra bites you but does no damage.
The six-headed hydra bites you!
* * * LOW HITPOINT WARNING * * *
The six-headed hydra bites you but does no damage.
The six-headed hydra barely misses you. The six-headed hydra bites you.
You die...

..............
.............
............
...........#
.......g...#
...........#
...§≈≈§§†...#
...≈§§§≈§D####
...§§..≈§@#
..≈≈.§§§..#
..≈≈)§§≈≈.#
..≈.§≈§§..#
...≈≈≈....# ..
..........# ...
.##....######..
####....#.....#
........#.....#


You could see a six-headed hydra and Grum.

Vanquished Creatures
  A two-headed ogre (D:10)
  Pikel (D:5)
  2 ugly things (D:11)
  Joseph (D:10)
  A troll (D:10)
  A hornet (D:11)
  Grinder (D:3)
  Sigmund (D:3)
  A wyvern (D:10)
  Eustachio (D:5)
  A hungry ghost (D:8)
  A soldier ant (D:11)
  2 orc warriors
  2 ice beasts
  A slave (D:5)
  6 sky beasts
  A necrophage (D:8)
  3 phantoms
  7 ogres
  The ghost of Graouh the Covered, an amateur MiFi (D:3)
  A black bear (D:7)
  An eye of draining (D:10)
  5 centaurs
  2 wolves (D:11)
  A crocodile (D:8)
  6 bullfrogs
  2 scorpions
  4 wights (D:10)
  6 howler monkeys
  6 crimson imps
  A centaur zombie (D:5)
  2 hounds
  A jelly (D:10)
  An orc priest (D:11)
  9 orc wizards
  3 bullfrog skeletons
  4 centaur skeletons
  Ijyb (D:2)
  2 iguanas
  7 worker ants
  Terence (D:3)
  A hound zombie (D:8)
  A hound skeleton (D:11)
  Robin (D:2)
  A worker ant zombie (D:5)
  3 gnolls (D:3)
  16 adders
  A shadow imp (D:5)
  An adder zombie (D:5)
  3 worms
  2 dart slugs
  2 leopard geckos
  30 orcs
  8 bats
  3 giant cockroaches
  20 goblins
  9 hobgoblins
  2 jackals (D:4)
  4 quokkas
  A ball python (D:2)
  3 frilled lizards
  6 kobolds
  A leopard gecko zombie (D:7)
  2 quokka skeletons
  A quokka zombie (D:5)
  6 rats
230 creatures vanquished.

Vanquished Creatures (collateral kills)
  A worker ant (D:5)
1 creature vanquished.

Vanquished Creatures (others)
  Fannar (D:10)
  A quokka (D:5)
  3 plants (D:6)
5 creatures vanquished.

Grand Total: 236 creatures vanquished

Notes
Turn   | Place    | Note
-------+----------+-------------------------------------------
     0 | D:1      | graki42 the Deep Elf Conjurer began the quest for the Orb.
     0 | D:1      | Reached XP level 1. HP: 10/10 MP: 6/6
   144 | D:1      | Reached XP level 2. HP: 15/15 MP: 2/8
   569 | D:2      | Reached skill level 5 in Conjurations
   573 | D:2      | Learned a level 2 spell: Searing Ray
   688 | D:2      | Noticed Ijyb
   710 | D:2      | Killed Ijyb
   710 | D:2      | Reached XP level 3. HP: 5/19 MP: 1/9
  1067 | D:2      | Found a basalt altar of Yredelemnul.
  1126 | D:2      | Learned a level 3 spell: Dazzling Spray
  1230 | D:2      | Reached XP level 4. HP: 24/24 MP: 2/11
  1368 | D:2      | Noticed Robin
  1376 | D:2      | Killed Robin
  1498 | D:2      | Reached skill level 4 in Spellcasting
  1620 | D:2      | Learned a level 4 spell: Iskenderun's Mystic Blast
  2003 | D:3      | Noticed Graouh's ghost (amateur MiFi)
  2522 | D:3      | Reached XP level 5. HP: 28/28 MP: 13/13
  2541 | D:3      | Noticed Terence
  2546 | D:3      | Killed Terence
  2872 | D:4      | Reached skill level 1 in Short Blades
  2877 | D:4      | Reached skill level 5 in Spellcasting
  2885 | D:4      | Reached XP level 6. HP: 19/33 MP: 0/15
  3107 | D:4      | Learned a level 3 spell: Conjure Flame
  3110 | D:4      | Learned a level 2 spell: Blink
  3378 | D:4      | Reached skill level 6 in Spellcasting
  3602 | D:4      | Reached skill level 1 in Translocations
  3603 | D:4      | Reached XP level 7. HP: 30/37 MP: 8/18
  4734 | D:3      | Killed Graouh's ghost
  4734 | D:3      | Reached skill level 7 in Spellcasting
  4858 | D:3      | Learned a level 3 spell: Mephitic Cloud
  4957 | D:3      | Noticed Grinder
  4957 | D:3      | Paralysed by Grinder for 3 turns
  4971 | D:3      | Killed Grinder
  4971 | D:3      | Reached XP level 8. HP: 42/42 MP: 4/21
  5118 | D:3      | Learned a level 4 spell: Force Lance
  5128 | D:3      | Noticed Sigmund
  5137 | D:3      | Killed Sigmund
  5137 | D:3      | Reached skill level 8 in Spellcasting
  5568 | D:5      | Entered Level 5 of the Dungeon
  5582 | D:5      | Reached skill level 1 in Hexes
  5945 | D:5      | Reached skill level 9 in Spellcasting
  6143 | D:5      | Noticed Pikel
  6164 | D:5      | Killed Pikel
  6164 | D:5      | Reached skill level 10 in Spellcasting
  6164 | D:5      | Reached XP level 9. HP: 44/46 MP: 4/25
  6424 | D:5      | Learned a level 4 spell: Fulminant Prism
  6428 | D:5      | Learned a level 2 spell: Call Imp
  6533 | D:5      | Noticed Eustachio
  6547 | D:5      | Killed Eustachio
  6547 | D:5      | Reached skill level 5 in Translocations
  6785 | D:6      | Found a blossoming altar of Fedhas.
  6851 | D:6      | Reached skill level 1 in Summonings
  6851 | D:6      | Reached skill level 1 in Air Magic
  6853 | D:6      | Reached skill level 11 in Spellcasting
  7114 | D:6      | Found a staircase to the Ecumenical Temple.
  7152 | Temple   | Entered the Ecumenical Temple
  7174 | Temple   | Learned a level 2 spell: Slow
  7185 | Temple   | Became a worshipper of Vehumet
  7262 | D:6      | Reached skill level 1 in Poison Magic
  7629 | D:7      | Found Porui's Gadget Emporium.
  7936 | D:7      | Found a basalt altar of Yredelemnul.
  8281 | D:8      | Reached skill level 10 in Conjurations
  8372 | D:8      | Reached XP level 10. HP: 51/51 MP: 23/27
  8484 | D:8      | Reached * piety under Vehumet
  8484 | D:8      | Offered knowledge of Shock by Vehumet.
  8570 | D:8      | Reached skill level 5 in Dodging
  8944 | D:8      | Reached skill level 12 in Spellcasting
  9345 | D:8      | Reached skill level 5 in Stealth
 10469 | D:10     | Entered Level 10 of the Dungeon
 10893 | D:10     | Noticed a two-headed ogre
 10908 | D:10     | Killed a two-headed ogre
 11020 | D:10     | Reached skill level 13 in Spellcasting
 11058 | D:10     | Got a pair of ichor-stained boots
 11064 | D:10     | Identified the +4 pair of boots "Saseivuigo" {Str+4 Int-3} (You found it on level 10 of the Dungeon)
 11534 | D:10     | Noticed Joseph
 11552 | D:10     | HP: 2/51 [Joseph/uncursed quarterstaff (18)]
 11553 | D:10     | Killed Joseph
 11553 | D:10     | Reached skill level 1 in Fighting
 11730 | D:10     | Reached ** piety under Vehumet
 11734 | D:10     | Offered knowledge of Flame Tongue by Vehumet.
 11846 | D:10     | Found a snail-covered altar of Cheibriados.
 11936 | D:11     | Noticed a green ugly thing
 11941 | D:11     | Noticed a white ugly thing
 11944 | D:11     | Killed a green ugly thing
 11944 | D:11     | Reached XP level 11. HP: 46/56 MP: 6/30
 11948 | D:11     | Killed a white ugly thing
 12219 | D:11     | Noticed Fannar
 12228 | D:11     | Noticed a two-headed ogre
 12247 | D:10     | Killed Fannar
 12247 | D:10     | Reached skill level 14 in Spellcasting
 12498 | D:11     | Found a staircase to the Lair.
 12508 | D:11     | Noticed a six-headed hydra
 12515 | D:11     | Noticed Grum
 12518 | D:11     | Slain by a six-headed hydra

Vault maps used:
D:1:      tarquinn_simple_flora_water_e
D:2:      yredelemnul_altar_generic, uniq_iyjb, uniq_robin
D:3:      uniq_grinder, uniq_terence, uniq_sigmund
D:4:      first_bread, minmay_ogre_servants
D:5:      uniq_eustachio, uniq_pikel
D:6:      minmay_temple_entry_overgrown, fedhas_altar_decomposition
D:7:      kennysheep_mini, serial_shops, shop
D:10:     wad_arrow_thing, basic_altar, uniq_joseph
D:11:     minmay_lair_entry_lava, basic_altar, uniq_fannar, uniq_grum
Temple:   grunt_wide_crystal_templ

Skill      XL: |  1  2  3  4  5  6  7  8  9 10 11 |
---------------+----------------------------------+-----
Conjurations   | 5 6 7 8 10 11 | 11.8
Dodging        | 3 4 5 6 |  6.2
Spellcasting   | 4 5 6 7 10 11 13 14 | 14.0
Stealth        | 3 4 5 |  5.5
Short Blades   | 1 |  1.5
Translocations | 1 2 4 5 |  5.0
Hexes          | 1 2 |  2.2
Summonings     | 1 |  1.4
Air Magic      | 2 |  2.1
Poison Magic   | 1 |  1.8
Fighting       | 1 |  1.3
Fire Magic     | |  0.4
Evocations     | |  0.2

Action                   |  1- 3 |  4- 6 |  7- 9 | 10-12 || total
-------------------------+-------+-------+-------+-------++-------
Melee: Dagger            |    11 |     5 |       |       ||    16
       Short sword       |       |     7 |    12 |     3 ||    22
       Staff             |       |       |       |     1 ||     1
 Cast: Magic Dart        |    58 |    65 |   205 |   115 ||   443
       Searing Ray       |     1 |    14 |    46 |    39 ||   100
       Dazzling Spray    |       |     2 |     5 |     7 ||    14
       Conjure Flame     |       |       |     4 |     6 ||    10
       Blink             |       |       |     1 |       ||     1
       Mephitic Cloud    |       |       |     9 |     3 ||    12
       Iskenderun's Myst |       |       |     2 |    25 ||    27
       Call Imp          |       |       |     2 |     2 ||     4
       Force Lance       |       |       |     1 |     4 ||     5
       Slow              |       |       |       |     3 ||     3
Evoke: Wand              |       |       |       |     2 ||     2
  Use: Potion            |     2 |       |       |     1 ||     3
       Scroll            |       |     2 |     6 |     2 ||    10
 Stab: Sleeping          |     1 |     3 |       |       ||     4
       Confused          |       |       |     1 |       ||     1
  Eat: Chunk             |     1 |    23 |    13 |    11 ||    48
Armor: Robe              |     7 |     8 |     4 |    30 ||    49
Dodge: Dodged            |    24 |    20 |    37 |    60 ||   141
